 Dungeon Sprint DCSS version 0.29-a0-577-gafbf2c5d25 (webtiles) character file.

Game seed: 1304361164887556799

109 mhtbhm the Summoner (level 4, -4/33 HPs)
             Began as a Hill Orc Summoner on June 14, 2022.
             Slain by Sigmund
             ... wielding a +1 vorpal scythe
              (9 damage)
             ... in the Dungeon (Sprint I: "Red Sonja").
             The game lasted 00:01:41 (344 turns).

mhtbhm the Summoner (Hill Orc Summoner)              Turns: 344, Time: 00:01:42

Health: -4/33      AC:  2    Str: 12    XL:     4   Next: 90%
Magic:  3/8        EV: 12    Int: 15    God:
Gold:   54         SH:  0    Dex: 11    Spells: 0/9 levels left

rFire   . . .      SeeInvis .     - Unarmed
rCold   . . .      Faith    .   (no shield)
rNeg    . . .      Spirit   .   a - +0 robe
rPois   .          Reflect  .   (no helmet)
rElec   .          Harm     .   (no cloak)
rCorr   .          Rampage  .   (no gloves)
Will    .....      NoTele   +   (no boots)
Stlth   ++........              (no amulet)
HPRegen 0.11/turn               (no ring)
MPRegen 0.11/turn               (no ring)

@: no status effects
A: no striking features
a: no special abilities


You were in the Dungeon.
You visited 1 branch You collected 54 gold pieces.

Inventory:

Armour
 a - a +0 robe (worn)
Wands
 e - a wand of mindburst (5)
Scrolls
 g - a scroll of blinking
Potions
 b - 2 potions of magic
 c - a potion of curing
 d - a potion of heal wounds
 f - a potion of degeneration {unknown}


   Skills:
 + Level 2.4 Dodging
 + Level 2.4 Stealth
 + Level 1.2 Unarmed Combat
 + Level 3.0 Spellcasting
 + Level 8.8 Summonings


You couldn't memorise any spells.
You knew the following spells:

 Your Spells              Type           Power      Damage    Failure   Level
a - Summon Small Mammal   Summ           100%       N/A       1%          1
b - Call Imp              Summ           28%        N/A       1%          2
c - Call Canine Familiar  Summ           28%        N/A       1%          3
d - Summon Guardian Gole  Hex/Summ       15%        N/A       10%         3

Your spell library contained the following spells:

 Spells                   Type           Power      Damage    Failure   Level
 Summon Lightning Spire   Summ/Air       15%        N/A       32%         4


Dungeon Overview and Level Annotations

Branches:
Dungeon (1/1)

Altars:

Annotations:
D Sigmund


Message History

Your bat hits something but does no damage.
Your bat misses something.
Your bat hits something but does no damage. x2
Something misses your bat.
Your bat hits something but does no damage.
Your bat barely misses something.
Something hits your bat.
Your bat hits something but does no damage.
Your bat barely misses something.
Something barely misses your bat.
Your bat hits something but does no damage.
Something closely misses your bat.
Your bat misses something. Something barely misses your bat.
Your bat hits something but does no damage.
Something hits your bat.
Your bat dies!
Your bat's corpse disappears in a puff of smoke!
Unknown command.
Something hits your crimson imp!
Your crimson imp dies!
Your crimson imp disappears in a puff of smoke!
Unknown command.
Casting: Summon Small Mammal (safe; 1% risk of failure)
Confirm with . or Enter, or press ? or * to list all spells.
A beastly little devil appears in a puff of frigid air.
You hear a shout!
Something hits you! Magic courses through your body. Something hits you.
* * * LOW HITPOINT WARNING * * *
x2 Unknown command.
Casting: Call Imp (safe; 1% risk of failure)
Confirm with . or Enter, or press ? or * to list all spells.
A shadowy apparition takes form in the air.
Your white imp disappears in a puff of smoke!
Something barely misses you.
Casting: Call Imp (safe; 1% risk of failure)
Confirm with . or Enter, or press ? or * to list all spells.
Unknown command.
A magic dart appears from out of thin air!
The magic dart hits your shadow imp.
Your hound bites something.
Something hits you!
You die...

#############
#<.#..){....+
#..)..#..'..#
#...####'####
#..# #..#
#h{# ####
#.5# #r@#
####


You could see a friendly hound (summoned), a friendly shadow imp (summoned) and
a friendly quokka (summoned).

Vanquished Creatures
  Ijyb (D)
1 creature vanquished.

Vanquished Creatures (collateral kills)
  An ogre (D)
1 creature vanquished.

Grand Total: 2 creatures vanquished

Notes
Turn   | Place    | Note
-------+----------+-------------------------------------------
     0 | D        | mhtbhm the Hill Orc Summoner began the quest for the Orb.
     0 | D        | Reached XP level 1. HP: 14/14 MP: 3/3
     4 | D        | Noticed Ijyb
    14 | D        | Killed Ijyb
    15 | D        | Reached skill level 6 in Summonings
    15 | D        | Reached XP level 2. HP: 20/20 MP: 0/5
    15 | D        | Reached XP level 3. HP: 26/26 MP: 0/6
    72 | D        | Learned a level 2 spell: Call Imp
    76 | D        | Learned a level 3 spell: Call Canine Familiar
    78 | D        | Noticed an ogre
    82 | D        | Killed an ogre
    83 | D        | Reached skill level 1 in Unarmed Combat
    83 | D        | Reached skill level 8 in Summonings
    83 | D        | Reached XP level 4. HP: 33/33 MP: 0/8
   283 | D        | Learned a level 3 spell: Summon Guardian Golem
   286 | D        | Noticed Sigmund
   344 | D        | Slain by Sigmund

Illustrated notes

Levels and vault maps discovered:
D:        dungeon_sprint_1 [red_sonja_temple_1, red_sonja_temple_small_1]

Skill      XL: |  1  2  3 |
---------------+----------+-----
Dodging        | 2 |  2.4
Stealth        | 2 |  2.4
Spellcasting   | 2 3 |  3.0
Summonings     | 6 8 |  8.8
Unarmed Combat | 1 |  1.2

Action                   |  1- 3 |  4- 6 || total
-------------------------+-------+-------++-------
Melee: Unarmed           |     3 |       ||     3
 Cast: Summon Small Mamm |     4 |     2 ||     6
       Call Imp          |     1 |     4 ||     5
       Call Canine Famil |     1 |     2 ||     3
       Summon Guardian G |       |     1 ||     1
Evoke: Wand              |     1 |       ||     1
  Use: Potion            |     2 |     1 ||     3
Dodge: Dodged            |     2 |     2 ||     4

Table legend: (Time is in decaauts)
 A = Elapsed time spent in this place.
 B = Non-inter-level travel time spent in this place.
 C = Inter-level travel time spent in this place.
 D = Time resting spent in this place.
 E = Time spent auto-exploring this place.
 F = Levels seen in this place.
 G = Mean time per level.
                   A        B        C        D        E       F      G
               +--------+--------+--------+--------+--------+-----+--------+
         Total |    339 |    339 |      0 |    228 |      0 |   1 |  339.0 |
       Dungeon |    339 |    339 |      0 |    228 |      0 |   1 |  339.0 |
               +--------+--------+--------+--------+--------+-----+--------+

Top non-repeatable levels by time:
       D: 339 daAuts
